cohdb
Replays
Latest Replays
All Replays
Popular Replays
Top Player Replays
Match Explorer
How It Works
Community
CoH3 Stats
Reddit
Sign in to upload your games and track your stats! →
Sign in with Steam
Match 33609762
Unlisted
Match 33609762
Overview
Messages
Build Orders
End
Construct Barracks
Selects Armored Battlegroup
1⁄4-ton 4x4 Truck
Selects Veteran Crews
Riflemen Squad
Riflemen Squad
M1 Mortar Team
Riflemen Squad
Construct Weapon Support Center
Air Support Center
M3 Armored Personnel Carrier
Construct Motor Pool
M1918 Browning Automatic Rifles
Selects M31 Recovery Vehicle
Selects Strength in Steel
Grenade Package
Engineer Squad
Riflemen Squad
Construct Tank Depot
Selects War Machine
Engineer Squad
Selects Seek and Destroy
Selects UNKNOWN (2160077)
M4A3E8 Sherman Easy Eight
Air Supply
Air Supremacy
Double Sortie
Advanced Air Reconnaissance
Grasshopper Recon Run
P-47 Strafing Run
P-47 Dive Bomb
Forward Retreat Point
Grasshopper High-Altitude Recon Run
P-47 Strafing Run
P-47 Dive Bomb
.30 cal Machine Gun
M4A3E8 Sherman Easy Eight
.30 cal Machine Gun
.30 cal Machine Gun
M4A3E8 Sherman Easy Eight
WE1SE
C разбегу в рот
Barka
Доктор Гувер[POINTRUNNER]
UH|ck
UH|XTC
insane
iceman
0
0
Comments
sign in to comment!
No comments posted yet!